 Dungeon Crawl Stone Soup version 0.25-a0-565-g8875c97ebb (webtiles) character file.

Game seed: 17183929418298441167, levelgen mode: classic

8437 EnegeticOcto the Cleaver (level 11, 104/104 HPs)
             Began as a Deep Dwarf Fighter on Feb 26, 2020.
             Was an Elder of Makhleb.
             Quit the game on level 11 of the Dungeon.
             The game lasted 00:05:21 (7403 turns).

EnegeticOcto the Cleaver (Deep Dwarf Fighter)       Turns: 7403, Time: 00:05:21

Health: 104/104    AC: 17    Str: 22    XL:     11   Next: 9%
Magic:  14/14      EV:  8    Int: 10    God:    Makhleb [****..]
Gold:   606        SH: 12    Dex: 14    Spells: 10/10 levels left

rFire    . . .     SeeInvis .   w - +4 hand axe (freeze)
rCold    . . .     Gourm    .   c - +1 kite shield
rNeg     . . .     Faith    .   y - +0 plate armour
rPois    .         Spirit   .   p - +2 hat
rElec    .         Reflect  .   (no cloak)
rCorr    .         Harm     .   s - +0 pair of gloves
MR       +....                  z - +0 pair of boots
Stlth    ..........             (no amulet)
HPRegen  0.00/turn              g - -3 ring of evasion (curse)
MPRegen  0.14/turn              o - +3 ring of evasion (curse)

@: non-regenerating
A: damage resistance, heal wounds, agile 1, blink, sense surroundings 2, no
regeneration
a: Heal Wounds, Blink, Minor Destruction, Lesser Servant of Makhleb, Major
Destruction, Renounce Religion


You were on level 11 of the Dungeon.
You worshipped Makhleb.
Makhleb was greatly pleased with you.
You were not hungry.

You visited 2 branches of the dungeon, and saw 12 of its levels.
You also visited: Sewer.

You collected 606 gold pieces.

Inventory:

Hand Weapons
 a - a +0 war axe
 w - a +4 hand axe of freezing (weapon)
Armour
 c - a +1 kite shield (worn)
 p - a +2 hat (worn)
 s - a +0 pair of gloves (worn)
 y - a +0 plate armour (worn)
 z - a +0 pair of boots (worn)
Jewellery
 g - a cursed -3 ring of evasion (left hand)
 o - a cursed +3 ring of evasion (right hand)
 q - an uncursed ring of protection from cold
 B - a +2 ring of strength {unknown}
Wands
 l - a wand of clouds (5)
 n - a wand of flame (23)
 A - a wand of acid (6) {@v1}
Scrolls
 f - 2 scrolls of fear
 i - 7 scrolls of teleportation {@r2}
 t - a scroll of fog
 v - a scroll of blinking {@r3}
 x - 3 scrolls of magic mapping {@r5}
Potions
 d - 5 potions of curing {@q1}
 h - a potion of magic
 j - 3 potions of invisibility
 k - a potion of might {@q3}
 m - 4 potions of degeneration
 r - a potion of lignification {@q7}
 u - a potion of flight
 D - 2 potions of haste {unknown}
Comestibles
 e - 14 rations


   Skills:
 * Level 8.3 Fighting
 * Level 9.5 Axes
 + Level 7.3 Armour
 + Level 6.4 Dodging
 + Level 7.3 Shields
 * Level 9.0 Invocations


You had 10 spell levels left.
You didn't know any spells.
Your spell library was empty.

Dungeon Overview and Level Annotations

Branches:
Dungeon (11/15)            Temple (1/1) D:6            Lair (0/6) D:11
    Orc (0/2) D:10          Sewer (visited)

Altars:
Cheibriados
Dithmenos
Elyvilon
Hepliaklqana
Makhleb
Nemelex Xobeh
Okawaru
Qazlal
Ru
Sif Muna
Wu Jian
Xom
Yredelemnul

Shops:
D:4 [   D:6 %

Annotations:
D:6 2 transporters, EnegeticOcto's ghost, amateur DDFi


Innate Abilities, Weirdness & Mutations

You are resistant to damage.
You can heal yourself by infusing magical energy.
You passively map the area around you.
You do not regenerate.
You are agile. (Dex +2)
You can translocate small distances at will.


Message History

You feel better.
No target in view!
No target in view!
No target in view!
No target in view!
No target in view!
No target in view!
No target in view!
No target in view!
As you read the scroll labeled YNOZXIXKIUGO, it crumbles to dust.
It is a scroll of enchant weapon.
Your +3 hand axe of freezing glows red for a moment.
You now have 595 gold pieces (gained 20).
You see here a trident.
m - 4 potions of degeneration (gained 1)
Found 25 stones.
Found a robe.
A kobold comes into view. It is wielding a +0 whip.
The kobold shouts!
A big kobold comes into view. It is wielding a +0 whip.
A kobold comes into view. It is wielding a +0 short sword.
There are monsters nearby!
The big kobold shouts!
The kobold shouts!
You slash the kobold! You freeze the kobold.
You kill the kobold!
Makhleb accepts your kill.
You feel better.
The big kobold throws a stone.
You block the stone.
The big kobold throws a stone.
You block the stone.
Things that are here:
a stone; a +0 whip You hit the big kobold.
You freeze the big kobold.
The big kobold is lightly wounded.
Your plate armour prevents you from hitting the big kobold.
The big kobold is lightly wounded.
Your shield and plate armour prevent you from hitting the kobold.
You block the big kobold's attack.
The kobold hits you with a +0 short sword.
You closely miss the big kobold.
The big kobold is lightly wounded.
You closely miss the kobold.
The big kobold hits you but does no damage.
The kobold hits you but does no damage.
You slash the big kobold! You freeze the big kobold.
The big kobold is almost dead.
You closely miss the kobold. The big kobold hits you with a +0 whip.
You block the kobold's attack.
You slash the big kobold! You freeze the big kobold.
You kill the big kobold!
Makhleb accepts your kill.
You feel better.
You closely miss the kobold. You block the kobold's attack.
You closely miss the kobold. You block the kobold's attack.
You slash the kobold! You freeze the kobold.
You kill the kobold!
Makhleb accepts your kill.
No target in view!
No target in view!
No target in view!
Things that are here:
a +0 whip; a big kobold corpse You see here a +0 short sword.
Found a stone staircase leading down.
No target in view!
No target in view!
You now have 606 gold pieces (gained 11).
Found a stone staircase leading up.
Done exploring.
Done exploring.
No target in view!
No target in view!
No target in view!
No target in view!
No target in view!
No target in view!
No target in view!
No target in view!
Done exploring.
Done exploring.
No target in view!
No target in view!
No target in view!
Done exploring.
No target in view!
No target in view!
No target in view!
No target in view!
No target in view!
No target in view!
No target in view!
No target in view!
No target in view!
No target in view!
No target in view!
No target in view!
No target in view!
Done exploring.
Done exploring.
Done exploring.
Done exploring.
Okay, then.
Are you sure you want to abandon this character and quit the game? (Confirm with "yes".)

#.........###. #.........#...
####...####.#. #...##.....
######### #......#.## #.......#
########.## #.#####.# #.##
#####.#####.####### #...
#.............<.@.# ####
#.###.#..##.#####.####### #.
#.###....)..# #......)### #.
#.##.....##.# ###....)..# #>
#.##..#.###.# #...))#.# #.
#.##..#.###.##### #..#..#.# #.
#......(........# #..#..#.######.
####.######.....###..#.##........
###.#### #.<........#...........


There were no monsters in sight!

Vanquished Creatures
  An unseen horror (D:11)
  Maggie (D:6)
  2 trolls (D:10)
  3 hippogriffs
  A vampire (D:11)
  A basilisk (D:11)
  4 porcupines (D:11)
  3 orc warriors (D:8)
  An eye of draining (D:10)
  6 sky beasts
  3 ogres
  3 black bears (D:11)
  2 phantoms
  2 centaurs
  2 wolves (D:11)
  3 crocodiles (D:11)
  7 bullfrogs
  A big kobold (D:11)
  A wyvern skeleton (D:9)
  A scorpion (D:11)
  4 electric eels (D:10)
  13 wights
  4 howler monkeys
  A crimson imp (D:10)
  2 centaur zombies (D:10)
  5 jellies
  A bullfrog zombie (D:5)
  9 orc priests
  9 hounds
  12 orc wizards
  3 bullfrog skeletons
  2 centaur skeletons
  9 iguanas
  9 worker ants
  3 hound skeletons
  2 worker ant zombies
  A howler monkey zombie (D:9)
  15 adders
  A howler monkey skeleton (D:10)
  2 shadow imps
  5 oozes (D:9)
  2 adder zombies
  2 adder skeletons
  2 worms
  A dart slug (D:3)
  6 leopard geckos
  31 orcs
  3 ball pythons
  7 giant cockroaches
  2 hobgoblins (D:3)
  6 jackals (D:3)
  5 quokkas
  A bat (D:3)
  9 frilled lizards
  A goblin (D:3)
  A jackal skeleton (D:7)
  5 kobolds
  2 quokka skeletons
  4 rats
250 creatures vanquished.

Vanquished Creatures (others)
  2 orcs
  2 plants (D:11)
4 creatures vanquished.

Grand Total: 254 creatures vanquished

Notes
Turn   | Place    | Note
-------+----------+-------------------------------------------
     0 | D:1      | EnegeticOcto the Deep Dwarf Fighter began the quest for the
                  | Orb.
     0 | D:1      | Reached XP level 1. HP: 20/20 MP: 1/1
    73 | D:2      | Reached XP level 2. HP: 21/27 MP: 2/2
   191 | D:3      | Reached skill level 1 in Dodging
   222 | D:3      | Reached XP level 3. HP: 19/34 MP: 3/3
   424 | D:4      | Reached XP level 4. HP: 21/42 MP: 3/3
   475 | D:4      | Found Fuzayh's Antique Armour Shoppe.
   477 | D:4      | Noticed a phantom
   496 | D:4      | Killed a phantom
   496 | D:4      | Reached XP level 5. HP: 45/50 MP: 4/4
   715 | D:4      | Noticed an ogre
   723 | D:4      | Killed an ogre
   723 | D:4      | Reached XP level 6. HP: 57/57 MP: 5/5
   955 | D:4      | Reached XP level 7. HP: 52/66 MP: 6/6
  1037 | D:5      | Entered Level 5 of the Dungeon
  1145 | D:5      | Reached skill level 5 in Axes
  1211 | D:5      | Found a stormy altar of Qazlal.
  1310 | D:5      | Reached skill level 5 in Fighting
  1531 | D:5      | Found an iron altar of Okawaru.
  1692 | D:5      | Reached skill level 5 in Armour
  1906 | D:6      | Found a staircase to the Ecumenical Temple.
  1912 | Temple   | Entered the Ecumenical Temple
  1918 | Temple   | Became a worshipper of Makhleb the Destroyer
  1947 | D:6      | Found a glowing drain.
  1987 | Sewer    | Entered a sewer
  2255 | Sewer    | Reached skill level 5 in Shields
  2255 | Sewer    | Reached skill level 1 in Invocations
  2255 | Sewer    | Reached XP level 8. HP: 65/74 MP: 7/7
  2429 | D:6      | Found an ornate altar of the Wu Jian Council.
  2536 | D:6      | Noticed Maggie
  2554 | D:6      | Killed Maggie
  2645 | D:6      | Reached * piety under Makhleb
  2652 | D:6      | Found a transporter.
  2654 | D:6      | Found a transporter.
  2654 | D:6      | Noticed EnegeticOcto's ghost (amateur DDFi)
  2730 | D:6      | Found Hugim's Food Shop.
  3464 | D:7      | Gained mutation: You passively map the area around you.
                  | [Deep Dwarf growth]
  3464 | D:7      | Reached XP level 9. HP: 47/82 MP: 11/11
  4148 | D:8      | Reached skill level 5 in Invocations
  4198 | D:8      | Gained mutation: You are clumsy. (Dex -2) [potion of
                  | mutation]
  4198 | D:8      | Gained mutation: You occasionally shout uncontrollably at
                  | your foes. [potion of mutation]
  4198 | D:8      | Lost mutation: You are clumsy. (Dex -2) [potion of
                  | mutation]
  4198 | D:8      | Gained mutation: You have sharp toenails. [potion of
                  | mutation]
  4282 | D:8      | Reached ** piety under Makhleb
  4292 | D:8      | Reached skill level 5 in Dodging
  4417 | D:8      | Found a sparkling altar of Nemelex Xobeh.
  5018 | D:9      | Reached XP level 10. HP: 90/94 MP: 11/13
  5284 | D:9      | Reached *** piety under Makhleb
  5566 | D:9      | Found a shadowy altar of Dithmenos.
  5706 | D:10     | Entered Level 10 of the Dungeon
  5741 | D:10     | Found a staircase to the Orcish Mines.
  6698 | D:11     | Killed an unseen horror
  6862 | D:11     | Reached **** piety under Makhleb
  6923 | D:11     | Found a staircase to the Lair.
  6950 | D:11     | Reached XP level 11. HP: 74/103 MP: 14/14
  7007 | D:11     | Lost mutation: You have sharp toenails. [potion of
                  | mutation]
  7007 | D:11     | Lost mutation: You occasionally shout uncontrollably at
                  | your foes. [potion of mutation]
  7007 | D:11     | Gained mutation: You can translocate small distances at
                  | will. [potion of mutation]
  7007 | D:11     | Gained mutation: You are agile. (Dex +2) [potion of
                  | mutation]
  7403 | D:11     | Quit the game

Levels and vault maps discovered:
D:1:      minmay_arrival_glassed_features, layout_rooms
D:2:      minmay_spotlight, layout_basic, tso_altar, nicolae_gozag_seed_capital
D:3:      layout_rooms, first_ration
D:4:      layout_rooms, serial_shops, shop_fountains, serial_corexii_hall,
          chequers_hall_statues_corner_a, corexii_hall_statues_x
D:5:      layout_cave_pods, old_standard_altar, kennysheep_mini_moat
D:6:      layout_loops_ring, lemuel_doored_altar,
          minmay_temple_entry_drinking_statues, portal_sewer_entry_b,
          gammafunk_ghost_mausoleum, serial_shops, shop,
          nicolae_underground_beach, uniq_maggie
D:7:      layout_basic
D:8:      layout_rooms, nicolae_overflow_hidden_temple
D:9:      layout_stronghold, lemuel_round_altar, hangedman_little_slice_of_home
D:10:     layout_basic, orc_0_dummy
D:11:     layout_loops_cross, minmay_lair_entry_grove
Temple:   eino_narrow_crystal_temple

Skill      XL: |  1  2  3  4  5  6  7  8  9 10 11 |
---------------+----------------------------------+-----
Fighting       | 3 4 5 6 7 8 |  8.3
Dodging        | 1 2 3 4 5 6 |  6.4
Axes           | 3 4 5 6 8 9 |  9.5
Armour         | 4 5 6 7 |  7.3
Shields        | 4 5 6 7 |  7.3
Invocations    | 1 4 6 8 9 |  9.0

Action                   |  1- 3 |  4- 6 |  7- 9 | 10-12 || total
-------------------------+-------+-------+-------+-------++-------
Melee: War axe           |    98 |    80 |   315 |       ||   493
       Hand axe          |       |       |   228 |   358 ||   586
       Kick              |       |       |    43 |    11 ||    54
 Abil: Heal Wounds       |     1 |     2 |    20 |    10 ||    33
  Use: Scroll            |       |       |    16 |     5 ||    21
       Potion            |       |       |     1 |     1 ||     2
  Eat: Chunk             |       |     1 |    14 |     8 ||    23
Armor: Scale mail        |    34 |    33 |   176 |       ||   243
       Plate armour      |       |       |    71 |   206 ||   277
Dodge: Dodged            |    32 |    39 |   190 |    79 ||   340
Block: Kite shield       |    49 |    53 |   287 |   190 ||   579

Table legend:
 A = Non-vault XP
 B = Vault XP
 C = Vault XP percentage of total XP
 D = Non-vault monster count
 E = Vault monster count
 F = Vault count percentage of total count
                 A         B        C        D         E       F
            +---------+---------+-------+---------+---------+-------
      Total |    9629 |    2425 |  20.1 |     205 |      45 |  18.0
            +---------+---------+-------+---------+---------+-------
        D:1 |       2 |       0 |   0.0 |       2 |       0 |   0.0
        D:2 |      23 |       0 |   0.0 |       4 |       0 |   0.0
        D:3 |      61 |       0 |   0.0 |      20 |       0 |   0.0
        D:4 |     689 |       0 |   0.0 |      20 |       0 |   0.0
        D:5 |     541 |       0 |   0.0 |      20 |       0 |   0.0
        D:6 |     244 |     393 |  61.7 |      10 |       6 |  37.5
        D:7 |     846 |       0 |   0.0 |      19 |       0 |   0.0
        D:8 |    2094 |       0 |   0.0 |      41 |       0 |   0.0
        D:9 |     879 |     168 |  16.0 |      19 |       8 |  29.6
       D:10 |    2004 |       0 |   0.0 |      31 |       0 |   0.0
       D:11 |    2246 |    1647 |  42.3 |      19 |      13 |  40.6
      Sewer |       0 |     217 | 100.0 |       0 |      18 | 100.0
            +---------+---------+-------+---------+---------+-------
